 Dungeon Crawl Stone Soup version 0.29-a0-322-g68df515428 (webtiles) character file.

Game seed: 12724099143552457916

287 zishaf the Sneak (level 6, 0/32 HPs)
             Began as a Vine Stalker Brigand on Apr 10, 2022.
             Was a Follower of Uskayaw.
             Shot with a sling bullet by a goblin (2 damage)
             ... led by Robin
             ... on level 4 of the Dungeon.
             The game lasted 00:05:52 (2930 turns).

zishaf the Sneak (Vine Stalker Brigand)             Turns: 2930, Time: 00:05:52

Health: 0/32       AC:  6    Str: 13    XL:     6   Next: 30%
Magic:  0/7        EV: 10    Int: 11    God:    Uskayaw [*.....]
Gold:   174        SH:  0    Dex: 18    Spells: 5/5 levels left

rFire   . . .      SeeInvis .   a - +2 dagger
rCold   . . .      Faith    .   (no shield)
rNeg    . . .      Spirit   +   f - +0 ring mail
rPois   .          Reflect  .   (no helmet)
rElec   .          Harm     .   g - +0 cloak
rCorr   .          Rampage  .   (no gloves)
Will    .....                   (no boots)
Stlth   +++.......              (no amulet)
HPRegen 0.90/turn               (no ring)
MPRegen 0.10/turn               (no ring)

@: no status effects
A: fangs 2, regeneration 1, magic shield, antimagic bite, no potion heal 2
a: Renounce Religion, Stomp


You were on level 4 of the Dungeon.
You worshipped Uskayaw.
Uskayaw was noncommittal.
You visited 2 branches of the dungeon, and saw 5 of its levels.

You collected 174 gold pieces.

Inventory:

Hand Weapons
 a - a +2 dagger (weapon)
 m - a +0 hunting sling
Missiles
 d - 12 poisoned darts (quivered)
 e - 3 curare-tipped darts
Armour
 b - a +0 robe
 c - a +0 cloak
 f - a +0 ring mail (worn)
 g - a +0 cloak (worn)
Scrolls
 i - 2 scrolls of amnesia {unknown}
 j - a scroll of enchant weapon {unknown}
 k - a scroll of enchant armour {unknown}
 l - 10 scrolls of identify {unknown}
 n - a scroll of immolation {unknown}
 o - a scroll of fear {unknown}
 q - a scroll of blinking {unknown}
 s - a scroll of silence {unknown}
 u - a scroll of summoning {unknown}
 v - a scroll of vulnerability {unknown}
 x - 2 scrolls of magic mapping {unknown}
 y - a scroll of teleportation {unknown}
Potions
 h - 2 potions of haste {unknown}
 p - a potion of flight {unknown}
 r - 2 potions of curing
 t - 2 potions of heal wounds {unknown}
 w - a potion of might {unknown}


   Skills:
 + Level 3.5 Fighting
 + Level 3.5 Short Blades
 - Level 1.7 Throwing
 - Level 1.0 Dodging
 + Level 6.6 Stealth
 + Level 1.1 Invocations


You had 5 spell levels left.
You didn't know any spells.
Your spell library was empty.

Dungeon Overview and Level Annotations

Branches:
Dungeon (4/15)             Temple (1/1) D:4

Altars:
Ashenzari
Cheibriados
Dithmenos
Elyvilon
Fedhas
Gozag
Hepliaklqana
Kikubaaqudgha
Makhleb
Nemelex Xobeh
Okawaru
Qazlal
Ru
Sif Muna
Trog
Uskayaw
Vehumet
Wu Jian
Yredelemnul
Zin

Annotations:
D:4 Robin


Innate Abilities, Weirdness & Mutations

You have extremely sharp teeth.
Your natural rate of healing is unusually fast.
When hurt, damage is shared between your health and your magic reserves.
Your bite disrupts and absorbs the magic of your enemies.
Potions cannot restore your health.


Message History

Robin roars a battlecry!
The goblins go into a battle-frenzy!
The goblin shouts!
You hear a shout! x3 3 goblins come into view.
A goblin is wielding a +0 dagger of venom.
The hobgoblin shouts!
The goblin shouts!
Robin throws the goblin at you! The goblin closely misses you.
A hobgoblin comes into view.
The howler monkey hits you but does no damage.
You hit the howler monkey. Your bite misses the howler monkey.
The howler monkey is moderately wounded.
A goblin comes into view. It is wielding a +0 dagger. x2
The goblin barely misses you. The howler monkey closely misses you.
You hit the howler monkey.
The howler monkey is heavily wounded.
The goblin hits you with a +0 dagger of venom.
You are poisoned.
A goblin comes into view. It is wielding a +0 club.
The howler monkey hits you but does no damage.
You feel very sick. Robin throws the goblin at you!
The goblin hits you with a +0 dagger of venom.
You are more poisoned.
The goblin hits you with a +0 club.
You feel very sick. The goblin hits you with a +0 club. The goblin misses you.
You feel very sick. The howler monkey hits you.
* * * LOW HITPOINT WARNING * * *
The goblin unwields a +0 club.
The goblin wields a +0 hunting sling.
The goblin shoots a sling bullet.
The sling bullet hits you.
* * * LOW HITPOINT WARNING * * *
Robin's bangles clink loudly.
The goblin barely misses you.
It was a potion of curing.
Your system rejects the healing.
You feel better. The howler monkey hits you.
* * * LOW HITPOINT WARNING * * *
The goblin hits you with a +0 dagger of venom.
The goblin shoots a sling bullet.
The sling bullet hits you.
You die...

#.........#..##'#
#.....##'##..##.### .....
#...†.#......#....#......
#.....#......#....#......
#)....#......#....#......
')....#......######......
#†....#......#..!........
#.....#'######..gg.......
#...............@.gg.....
................ghg......
#...............g.ggg....
..................gg.....
#...................g....
..............#+###......
#.....######### ......
......# ...... #.....#
......


You could see a howler monkey, Robin, 2 hobgoblins and 10 goblins.

Vanquished Creatures
  A necrophage (D:4)
  A hound (D:4)
  Jessica (D:2)
  4 gnolls (D:3)
  5 adders (D:2)
  3 orcs (D:4)
  9 ball pythons
  7 bats
  9 endoplasms
  4 giant cockroaches
  5 goblins
  8 hobgoblins
  3 jackals (D:4)
  8 kobolds
  4 quokkas
  5 frilled lizards
  7 rats
84 creatures vanquished.

Notes
Turn   | Place    | Note
-------+----------+-------------------------------------------
     0 | D:1      | zishaf the Vine Stalker Brigand began the quest for the
                  | Orb.
     0 | D:1      | Reached XP level 1. HP: 11/11 MP: 2/2
   199 | D:1      | Reached skill level 1 in Dodging
   304 | D:1      | Reached skill level 5 in Stealth
   304 | D:1      | Reached XP level 2. HP: 15/15 MP: 3/3
   638 | D:1      | Found a faded altar of an unknown god.
   654 | D:1      | Reached XP level 3. HP: 14/18 MP: 2/4
   836 | D:2      | Noticed Jessica
   837 | D:2      | Killed Jessica
   846 | D:2      | Gained mutation: Your natural rate of healing is unusually
                  | fast. [Vine Stalker growth]
   846 | D:2      | Reached XP level 4. HP: 23/23 MP: 5/5
  1325 | D:2      | Reached XP level 5. HP: 28/28 MP: 6/6
  1440 | D:2      | Reached skill level 6 in Stealth
  2367 | D:3      | Found an opulent altar of Gozag.
  2424 | D:3      | Found an ornate altar of the Wu Jian Council.
  2692 | D:4      | Found a staircase to the Ecumenical Temple.
  2716 | Temple   | Entered the Ecumenical Temple
  2745 | Temple   | Became a worshipper of Uskayaw the Reveller
  2833 | D:4      | Reached * piety under Uskayaw
  2841 | D:4      | Reached ** piety under Uskayaw
  2846 | D:4      | Reached *** piety under Uskayaw
  2848 | D:4      | Reached XP level 6. HP: 14/32 MP: 5/7
  2854 | D:4      | Reached **** piety under Uskayaw
  2862 | D:4      | Reached skill level 1 in Invocations
  2923 | D:4      | Noticed Robin
  2930 | D:4      | Shot with a sling bullet by a goblin

Illustrated notes

Levels and vault maps discovered:
D:1:      minmay_arrival_five_plusses, layout_loops_cross,
          basic_ecumenical_altar
D:2:      minmay_razor_zed, layout_basic, uniq_jessica
D:3:      layout_loops_ring, mainiacjoe_overflow_surrounded_room,
          nicolae_gozag_cash_rules_everything_around_me
D:4:      layout_gridville, kennysheep_mini, minmay_temple_entry_glass,
          uniq_robin
Temple:   compressed_dpeg_circular_temple

Skill      XL: |  1  2  3  4  5  6 |
---------------+-------------------+-----
Dodging        | 1 |  1.0
Short Blades   | 2 3 |  3.5
Stealth        | 5 6 |  6.6
Fighting       | 2 3 |  3.5
Invocations    | 1 |  1.1
Throwing       | |  1.7

Action                   |  1- 3 |  4- 6 || total
-------------------------+-------+-------++-------
Melee: Dagger            |    56 |   167 ||   223
       Bite              |    11 |    40 ||    51
  Use: Potion            |       |     1 ||     1
 Stab: Sleeping          |     6 |    16 ||    22
       Paralysed         |       |     1 ||     1
Armor: Robe              |     2 |       ||     2
       Ring mail         |    27 |    58 ||    85
Dodge: Dodged            |    26 |    81 ||   107

Table legend: (Time is in decaauts)
 A = Elapsed time spent in this place.
 B = Non-inter-level travel time spent in this place.
 C = Inter-level travel time spent in this place.
 D = Time resting spent in this place.
 E = Time spent auto-exploring this place.
 F = Levels seen in this place.
 G = Mean time per level.
                   A        B        C        D        E       F      G
               +--------+--------+--------+--------+--------+-----+--------+
         Total |   2899 |   2816 |     83 |     16 |   2185 |   5 |  579.8 |
       Dungeon |   2816 |   2741 |     75 |     16 |   2130 |   4 |  704.0 |
        Temple |     82 |     74 |      8 |      0 |     55 |   1 |   82.0 |
               +--------+--------+--------+--------+--------+-----+--------+

Top non-repeatable levels by time:
     D:2: 1088 daAuts
     D:1: 831 daAuts
     D:3: 703 daAuts
     D:4: 193 daAuts
  Temple: 82 daAuts
